 Dungeon Crawl Stone Soup version 0.31.0-12-g77e489cdc1 (webtiles) character file.

Game seed: 12182659852785661813

33 Killerpretzel the Changeling (level 3, 0/23 HPs)
             Began as an Octopode Shapeshifter on Mar 2, 2024.
             Slain by an orc
             ... wielding a +0 dagger
              (3 damage)
             ... on level 3 of the Dungeon.
             The game lasted 00:00:28 (975 turns).

Killerpretzel the Changeling (Octopode Shapeshifter) Turns: 975, Time: 00:00:29

Health: 0/23       AC:  1    Str: 13    XL:     3   Next: 29%
Magic:  3/3        EV: 13    Int: 12    God:
Gold:   76         SH:  0    Dex: 13    Spells: 2/2 levels left

rFire   . .          .
                       - Unarmed
rCold   . . .        (no shield)
rNeg    . . .        (helmet currently unavailable)
rPois   .            (no amulet)
rElec   .            (no ring)
rCorr   .            (no ring)
SInv    .            (no ring)
Will    .....        (no ring)
Stlth   ++           (no ring)
HPRegen 0.23/turn    (no ring)
MPRegen 0.08/turn    (no ring)
                     (no ring)

%: no passive effects
@: confused, beast-form
A: beast (slay +1), almost no armour, amphibious, 8 rings, camouflage 1,
gelatinous body 1, (nimble swimmer 1), tentacles
a: Begin Untransformation


You were on level 3 of the Dungeon.
You were a hulking beast.
You visited 1 branch of the dungeon, and saw 3 of its levels.

You collected 76 gold pieces.

Inventory:

Jewellery
 f - a ring of fire
Talismans
 b - a beast talisman
 c - a flux talisman
Scrolls
 h - a scroll of identify {unknown}
Potions
 a - a potion of lignification
 d - a potion of heal wounds {unknown}
 e - 2 potions of haste {unknown}
 g - a potion of resistance {unknown}


   Skills:
 + Level 1.5 Fighting
 + Level 2.3 Dodging
 + Level 3.2 Unarmed Combat
 * Level 3.4 Shapeshifting


You had 2 spell levels left.
You didn't know any spells.
Your spell library was empty.

Dungeon Overview and Level Annotations

Branches:
Dungeon (2/15)

Altars:


Innate Abilities, Weirdness & Mutations

You are a hulking beast.
Your limbs bulge with bestial killing power. (Slay +1)
You cannot wear most types of armour.
You are amphibious.
You can wear up to eight rings at the same time.
Your skin changes colour to match your surroundings (Stealth+).
Your rubbery body absorbs attacks. (AC +1, EV +1)
((You are camouflaged when in or above water. (Stealth+)))
You have tentacles for arms and can constrict up to eight enemies at once.


Message History

You are too injured to fight recklessly!
You are too injured to fight recklessly!
You are too injured to fight recklessly!
You are too injured to fight recklessly!
There are monsters nearby!
The orc attacks as it pursues you! The orc misses you.
You barely miss the orc. Your grab misses the orc. The orc barely misses you.
You tentacle-slap the orc. You grab the orc. You squeeze the orc.
You kill the orc!
You tentacle-slap the orc. You grab the orc.
You squeeze the orc, but do no damage.
The orc is severely wounded.
You constrict the orc, but do no damage.
The orc barely misses you.
You tentacle-slap the orc but do no damage.
You squeeze the orc.
The orc is almost dead.
You constrict the orc, but do no damage.
The orc closely misses you.
You tentacle-slap the orc but do no damage.
The orc is almost dead.
You constrict the orc.
You kill the orc!
The orc wizard mumbles some strange words.
The orc wizard flickers and vanishes!
Deactivating autopickup; reactivate with Ctrl-A.
You tentacle-slap the orc. Your grab misses the orc. You squeeze the orc.
You kill the orc!
A magic dart appears from out of thin air!
The magic dart hits you!
You hear some strange, mumbled words.
You are confused.
Items here: ( ))) [[ †.
You barely miss the orc. The orc misses you. Something hits you.
You bump into the rock wall.
The orc closely misses you. Something hits you.
* * * LOW HITPOINT WARNING * * *
You bump into the rock wall.
The orc misses you. Something hits you but does no damage.
You bump into the rock wall.
The orc hits you with a +0 dagger.
You die...

########.#
#..).....#
#.######## #.#
#.# #.# #.#
#####.#
...#o.o#h#
#.....{o#
#.........)...
#.......######
...#...#.# ##
##.##.# #. #.#
#. #.# .. .#


You could see an orc.

Vanquished Creatures
  3 orcs (D:3)
  4 ball pythons
  3 bats
  An endoplasm (D:1)
  4 giant cockroaches (D:1)
  2 goblins
  3 hobgoblins (D:1)
  2 quokkas (D:1)
  2 kobolds (D:1)
  3 rats (D:1)
27 creatures vanquished.

Notes
Turn   | Place    | Note
-------+----------+-------------------------------------------
     0 | D:1      | Killerpretzel the Octopode Shapeshifter began the quest for
                  | the Orb.
     0 | D:1      | Reached XP level 1. HP: 13/13 MP: 1/1
   226 | D:1      | Reached XP level 2. HP: 7/18 MP: 2/2
   619 | D:1      | Reached XP level 3. HP: 23/23 MP: 3/3
   912 | D:2      | You fall into a shaft and drop 1 floor!
   975 | D:3      | Slain by an orc

Illustrated notes

Levels and vault maps discovered:
D:1:      onia_arrival_mini_spirals, layout_loops_ring,
          minmay_tree_intersection, minmay_stone_trees_small
D:2:      layout_basic, nicolae_elevator_lobby_plus, uniq_jessica
D:3:      layout_loops_ring, serial_shops, shop, kennysheep_nondescript,
          kennysheep_generic_room_7

Action                     || total
---------------------------++-------
  Melee: Unarmed           ||    48
         Constrict         ||    12
         Tentacles         ||    13
    Use: Scroll            ||     1
   Stab: Sleeping          ||     6
 Armour: Skin              ||    15
  Dodge: Dodged            ||    34
